BSA
JERSEY SHORE D-BAGS @ NEW YORK KNIGHTS
10/01/2027
 
TOP OF THE 1ST
Jersey Shore D-Bags batting - Pitching for New York Knights : LHP Hong-ryul Yun
Pitching: LHP Hong-ryul Yun
Batting: RHB Cy Keynes 0-0: Ground out 5-3 (Groundball, 56S)
Batting: RHB Ricardo González 0-0: Ball
1-0: Called Strike
1-1: Foul Ball, location: 2F
1-2: Foul Ball, location: 2F
1-2: Ball
2-2: Ball
3-2: Ground out 6-3 (Groundball, 6)
Batting: RHB Millard Boyd 0-0: Fly out, F7 (Flyball, 7LM)
Top of the 1st over - 0 run(s), 0 hit(s), 0 error(s), 0 left on base; Jersey Shore 0 - New York 0
BOTTOM OF THE 1ST
New York Knights batting - Pitching for Jersey Shore D-Bags : RHP Bob Moss
Pitching: RHP Bob Moss
Batting: RHB Gabriel Erwin 0-0: Called Strike
0-1: Ball
1-1: Foul Ball, location: 2F
1-2: Ground out 6-3 (Groundball, 6)
Batting: RHB Richard Coker 0-0: Ball
1-0: Fly out, F8 (Line Drive, 8LM)
Batting: LHB Warren Potter 0-0: Fly out, F7 (Flyball, 7LS)
Bottom of the 1st over - 0 run(s), 0 hit(s), 0 error(s), 0 left on base; Jersey Shore 0 - New York 0
TOP OF THE 2ND
Jersey Shore D-Bags batting - Pitching for New York Knights : LHP Hong-ryul Yun
Batting: LHB Dave Dodd 0-0: Swinging Strike
0-1: Ball
1-1: Ball
2-1: Swinging Strike
2-2: Foul Ball, location: 2F
2-2: Foul Ball, location: 2F
2-2: Foul Ball, location: 2F
2-2: Fly out, F7 (Line Drive, 7S)
Batting: RHB Ben Morton 0-0: Ball
1-0: Foul Ball, location: 2F
1-1: Ball
2-1: Ball
3-1: Called Strike
3-2: Strikes out looking
Batting: LHB Dave Watt 0-0: Called Strike
0-1: Ball
1-1: Called Strike
1-2: Strikes out swinging
Top of the 2nd over - 0 run(s), 0 hit(s), 0 error(s), 0 left on base; Jersey Shore 0 - New York 0
BOTTOM OF THE 2ND
New York Knights batting - Pitching for Jersey Shore D-Bags : RHP Bob Moss
Batting: SHB Marvin Harris 0-0: Called Strike
0-1: Foul Ball, location: 2F
0-2: Ball
1-2: Ball
2-2: Foul Ball, location: 2F
2-2: Fly out, F9 (Flyball, 9)
Batting: RHB Lonnie Anderson 0-0: Called Strike
0-1: Called Strike
0-2: Ball
1-2: Foul Ball, location: 2F
1-2: Foul Ball, location: 2F
1-2: Ball
2-2: Ball
3-2: Strikes out swinging
Batting: LHB Tom Blake 0-0: Ball
1-0: Ball
2-0: Swinging Strike
2-1: Ground out 4-3 (Groundball, 4)
Bottom of the 2nd over - 0 run(s), 0 hit(s), 0 error(s), 0 left on base; Jersey Shore 0 - New York 0
TOP OF THE 3RD
Jersey Shore D-Bags batting - Pitching for New York Knights : LHP Hong-ryul Yun
Batting: RHB Alfredo Rivera 0-0: Fly out, F8 (Flyball, 89D)
Batting: RHB Eugenio Lucero 0-0: Fly out, F7 (Line Drive, 7D)
Batting: RHB Luis Ríos 0-0: Called Strike
0-1: SINGLE (Line Drive, 7S)
Batting: RHB Cy Keynes 0-0: Ball
1-0: Ball
2-0: Foul Ball, location: 2F
2-1: Swinging Strike
2-2: Fielders Choice at 2nd, 4-6 (Groundball, 4)
Top of the 3rd over - 0 run(s), 1 hit(s), 0 error(s), 0 left on base; Jersey Shore 0 - New York 0
BOTTOM OF THE 3RD
New York Knights batting - Pitching for Jersey Shore D-Bags : RHP Bob Moss
Batting: RHB Pepe Carrasco 0-0: Swinging Strike
0-1: SINGLE (Groundball, 4MD)
Batting: LHB Marcos Pérez 0-0: Called Strike
0-1: Swinging Strike
0-2: Foul Ball, location: 2F
0-2: Ball
1-2: Ball
2-2: Grounds into double play, 4-6-3 (Groundball, 34)
Batting: RHB Yasuhiko Sumita 0-0: Ball
1-0: Ground out 5-3 (Groundball, 56S)
Bottom of the 3rd over - 0 run(s), 1 hit(s), 0 error(s), 0 left on base; Jersey Shore 0 - New York 0
TOP OF THE 4TH
Jersey Shore D-Bags batting - Pitching for New York Knights : LHP Hong-ryul Yun
Batting: RHB Ricardo González 0-0: Ball
1-0: Ball
2-0: Called Strike
2-1: Called Strike
2-2: Foul Ball, location: 2F
2-2: SOLO HOME RUN (Line Drive, 78XD), Distance : 400 ft
Batting: RHB Millard Boyd 0-0: Foul Ball, location: 2F
0-1: Foul Ball, location: 2F
0-2: Strikes out swinging
Batting: LHB Dave Dodd 0-0: Called Strike
0-1: Ball
1-1: Swinging Strike
1-2: Strikes out swinging
Batting: RHB Ben Morton 0-0: Called Strike
0-1: Foul Ball, location: 2F
0-2: Strikes out swinging
Top of the 4th over - 1 run(s), 1 hit(s), 0 error(s), 0 left on base; Jersey Shore 1 - New York 0
BOTTOM OF THE 4TH
New York Knights batting - Pitching for Jersey Shore D-Bags : RHP Bob Moss
Batting: RHB Gabriel Erwin 0-0: Ball
1-0: SINGLE (Groundball, 56D)
Batting: RHB Richard Coker 0-0: Ball
1-0: Ball
2-0: Called Strike
2-1: Ball
3-1: Grounds into double play, 5-4-3 (Groundball, 56)
Batting: LHB Warren Potter 0-0: Ball
1-0: Ball
2-0: Foul Ball, location: 2F
2-1: Called Strike
2-2: Hit by Pitch
Batting: SHB Marvin Harris 0-0: Ball
1-0: Ball
2-0: Fly out, F8 (Flyball, 8LM)
Bottom of the 4th over - 0 run(s), 1 hit(s), 0 error(s), 1 left on base; Jersey Shore 1 - New York 0
TOP OF THE 5TH
Jersey Shore D-Bags batting - Pitching for New York Knights : LHP Hong-ryul Yun
Batting: LHB Dave Watt 0-0: Called Strike
0-1: Fly out, F9 (Line Drive, 9)
Batting: RHB Alfredo Rivera 0-0: Foul Ball, location: 2F
0-1: Foul Ball, location: 2F
0-2: Ball
1-2: Ball
2-2: Strikes out swinging
Batting: RHB Eugenio Lucero 0-0: Ground out 6-3 (Groundball, 56)
Top of the 5th over - 0 run(s), 0 hit(s), 0 error(s), 0 left on base; Jersey Shore 1 - New York 0
BOTTOM OF THE 5TH
New York Knights batting - Pitching for Jersey Shore D-Bags : RHP Bob Moss
Batting: RHB Lonnie Anderson 0-0: Ball
1-0: Fly out, F6 (Popup, 6D)
Batting: LHB Tom Blake 0-0: SINGLE (Groundball, 34D)
Batting: RHB Pepe Carrasco 0-0: Ground out 4-3 (Groundball, 4)
Tom Blake to second
Batting: LHB Marcos Pérez 0-0: SINGLE (Groundball, 6MD)
Tom Blake to third
Runner from 3rd tries for Home, SAFE, no throw
Batting: RHB Yasuhiko Sumita Pickoff Throw to First - Out!
Bottom of the 5th over - 1 run(s), 2 hit(s), 0 error(s), 0 left on base; Jersey Shore 1 - New York 1
TOP OF THE 6TH
Jersey Shore D-Bags batting - Pitching for New York Knights : LHP Hong-ryul Yun
Batting: RHB Luis Ríos 0-0: Foul Ball, location: 2F
0-1: Foul Ball, location: 2F
0-2: Strikes out swinging
Batting: RHB Cy Keynes 0-0: Ground out U3 (Groundball, 34S)
Batting: RHB Ricardo González 0-0: Ball
1-0: Ball
2-0: Ball
3-0: Called Strike
3-1: Foul Ball, location: 2F
3-2: SINGLE (Groundball, 56D)
Batting: RHB Millard Boyd 0-0: Ball
Pickoff Throw to First - Error! E1
Ricardo González to second
1-0: Called Strike
1-1: Ball
2-1: Ball
3-1: Fly out, F7 (Flyball, 7LS)
Top of the 6th over - 0 run(s), 1 hit(s), 1 error(s), 1 left on base; Jersey Shore 1 - New York 1
BOTTOM OF THE 6TH
New York Knights batting - Pitching for Jersey Shore D-Bags : RHP Bob Moss
Batting: RHB Yasuhiko Sumita 0-0: Ball
1-0: Ball
2-0: Ball
3-0: Called Strike
3-1: Fly out, F9 (Flyball, 9S)
Batting: RHB Gabriel Erwin 0-0: Foul Ball, location: 2F
0-1: Swinging Strike
0-2: Strikes out swinging
Batting: RHB Richard Coker 0-0: DOUBLE (Line Drive, 89M)
Batting: LHB Warren Potter 0-0: Swinging Strike
0-1: Ball
1-1: Called Strike
1-2: Fly out, F7 (Flyball, 7LS)
Bottom of the 6th over - 0 run(s), 1 hit(s), 0 error(s), 1 left on base; Jersey Shore 1 - New York 1
TOP OF THE 7TH
Jersey Shore D-Bags batting - Pitching for New York Knights : LHP Hong-ryul Yun
Batting: LHB Dave Dodd 0-0: Swinging Strike
0-1: Foul Ball, location: 2F
0-2: Ball
1-2: SINGLE (Flyball, 89S)
Batting: RHB Ben Morton 0-0: Called Strike
0-1: Fly out, F9 (Flyball, 9S)
Batting: LHB Dave Watt 0-0: Foul Ball, location: 2F
0-1: Swinging Strike
0-2: Ball
1-2: Strikes out swinging
Batting: RHB Alfredo Rivera 0-0: Foul Ball, location: 2F
0-1: Swinging Strike
0-2: Ball
1-2: Strikes out swinging
Top of the 7th over - 0 run(s), 1 hit(s), 0 error(s), 1 left on base; Jersey Shore 1 - New York 1
BOTTOM OF THE 7TH
New York Knights batting - Pitching for Jersey Shore D-Bags : RHP Bob Moss
Batting: SHB Marvin Harris 0-0: SINGLE (Flyball, 8LS)
Batting: RHB Lonnie Anderson 0-0: Ball
1-0: Ball
2-0: Called Strike
2-1: Foul Ball, location: 2F
2-2: Ball
3-2: Foul Ball, location: 2F
3-2: Fly out, F7 (Line Drive, 7LM)
Batting: LHB Tom Blake 0-0: Ball
1-0: Ball
2-0: Grounds into double play, 4-6-3 (Groundball, 34)
Bottom of the 7th over - 0 run(s), 1 hit(s), 0 error(s), 0 left on base; Jersey Shore 1 - New York 1
TOP OF THE 8TH
Jersey Shore D-Bags batting - Pitching for New York Knights : LHP Hong-ryul Yun
Batting: RHB Eugenio Lucero 0-0: Called Strike
0-1: Ball
1-1: Ball
2-1: Called Strike
2-2: Strikes out looking
Batting: RHB Luis Ríos 0-0: Ball
1-0: Called Strike
1-1: Swinging Strike
1-2: Ball
2-2: Foul Ball, location: 2F
2-2: Strikes out swinging
Batting: RHB Cy Keynes 0-0: Foul Ball, location: 2F
0-1: Swinging Strike
0-2: Ground out U3 (Groundball, 34D)
Top of the 8th over - 0 run(s), 0 hit(s), 0 error(s), 0 left on base; Jersey Shore 1 - New York 1
BOTTOM OF THE 8TH
New York Knights batting - Pitching for Jersey Shore D-Bags : RHP Bob Moss
Batting: RHB Pepe Carrasco 0-0: Called Strike
0-1: Ground out 4-3 (Groundball, 4)
Batting: LHB Marcos Pérez 0-0: Ball
1-0: Fly out, F6 (Line Drive, 6)
Batting: RHB Yasuhiko Sumita 0-0: Called Strike
0-1: Ground out 3-1 (Groundball, 34)
Bottom of the 8th over - 0 run(s), 0 hit(s), 0 error(s), 0 left on base; Jersey Shore 1 - New York 1
TOP OF THE 9TH
Jersey Shore D-Bags batting - Pitching for New York Knights : LHP Hong-ryul Yun
Pitching: LHP Juan Ortíz
Batting: RHB Ricardo González 0-0: Foul Ball, location: 2F
0-1: SINGLE (Groundball, 23) (infield hit)
Batting: RHB Millard Boyd 0-0: Foul Ball, location: 2F
0-1: Ball
1-1: Ball
2-1: Ball
3-1: Foul Ball, location: 2F
3-2: Foul Ball, location: 2F
3-2: Foul Ball, location: 2F
3-2: Strikes out looking
Ricardo González steals 2nd base
Batter strikes out.
Batting: LHB Dave Dodd 0-0: Intentional Walk
Batting: RHB Ben Morton 0-0: Ball
1-0: Called Strike
1-1: Foul Ball, location: 2F
1-2: Ball
2-2: Fly out, F9 (Flyball, 9S)
Pinch Hitting: RHB Jason Erickson 0-0: Swinging Strike
0-1: Swinging Strike
0-2: Ball
1-2: SINGLE (Groundball, 5D)
Ricardo González to third
Dave Dodd to second
Runner from 3rd tries for Home, throw and OUT!
Top of the 9th over - 0 run(s), 2 hit(s), 0 error(s), 2 left on base; Jersey Shore 1 - New York 1
BOTTOM OF THE 9TH
New York Knights batting - Pitching for Jersey Shore D-Bags : RHP Bob Moss
Pitching: LHP Gerald Johnson
Now in LF: José Esparza
Pinch Hitting: RHB Steve Sampson 0-0: Fly out, F8 (Flyball, 8RM)
Batting: RHB Richard Coker 0-0: Ground out 6-3 (Groundball, 6)
Batting: LHB Warren Potter 0-0: Ball
1-0: SOLO HOME RUN (Flyball, 78XD), Distance : 423 ft
Thursday, March 30th, 2017 - OOTP Baseball 17.12 Build 75